 Dungeon Crawl Stone Soup version 0.31-a0-430-gf8416d752b (console) character file.

Game seed: 2984265857997356233

2277 Lexodia the Gouger (level 9, -9/42 HPs)
             Began as a Felid Enchanter on July 31, 2023.
             Was a Priest of Wu Jian.
             Mangled by a meliai simulacrum (13 damage)
             ... on level 11 of the Dungeon.
             The game lasted 00:38:55 (10530 turns).

Lexodia the Gouger (Felid Enchanter)               Turns: 10530, Time: 00:38:56

Health: -9/42      AC:  2    Str:  8    XL:     9   Next: 16%
Magic:  23/23      EV: 23    Int: 21    God:    Wu Jian [***...]
Gold:   380        SH:  0    Dex: 20    Spells: 0/14 levels left
                                        Lives:  0   Deaths: 3

rFire   . .          .
                       - Unarmed
rCold   . . .        (shield unavailable)
rNeg    . . .        (body armour unavailable)
rPois   .            (helmet unavailable)
rElec   .            (cloak unavailable)
rCorr   .            (gloves unavailable)
SInv    +            (boots unavailable)
Will    ++...        m - amulet of regeneration
Stlth   ++++         r - ring of Nellya {Will+ Str+4 Dex+3 SInv}
HPRegen 1.07/turn    t - ring of magical power
MPRegen 0.18/turn

%: no passive effects
@: beast-form, quick
A: beast (slay +5), very small, claws 1, fangs 3, see invisible, speed 1, shaggy
fur 2, stealthy paws, no weapons or thrown items, no armour, multi-lived
a: Begin Untransformation, Renounce Religion, Wall Jump, Serpent's Lash


You were on level 11 of the Dungeon.
You worshipped Wu Jian.
Wu Jian was most pleased with you.
You were a hulking beast.
You visited 2 branches of the dungeon, and saw 12 of its levels.

You collected 681 gold pieces.
You spent 301 gold pieces at shops.

Inventory:

Jewellery
 m - an amulet of regeneration (around neck)
 q - an amulet of magic regeneration
 r - the ring of Nellya (left paw) {Will+ Str+4 Dex+3 SInv}
   (You found it on level 5 of the Dungeon)

   [ring of willpower]

   Str:       It affects your strength (+4).
   Dex:       It affects your dexterity (+3).
   SInv:      It lets you see invisible.
   Will:      It increases your willpower.
 t - a ring of magical power (right paw)
 y - an amulet of the acrobat
 B - a ring of ice
Talismans
 g - a beast talisman (active)
 j - a blade talisman
 A - a maw talisman
Wands
 d - a wand of paralysis (5)
 h - a wand of flame (39)
 s - a wand of mindburst (13)
Scrolls
 e - 3 scrolls of immolation {unknown}
 i - 5 scrolls of teleportation
 k - 2 scrolls of torment {unknown}
 l - 2 scrolls of fear {unknown}
 n - 3 scrolls of fog
 p - 4 scrolls of silence {unknown}
 v - 3 scrolls of identify
 w - a scroll of enchant weapon {unknown}
 z - 2 scrolls of revelation
Potions
 a - a potion of invisibility
 b - 4 potions of heal wounds
 c - a potion of might
 f - 2 potions of attraction
 o - 2 potions of magic
 u - a potion of haste {unknown}
 x - a potion of enlightenment {unknown}
 C - a potion of curing


   Skills:
 + Level 6.5 Fighting
 + Level 7.9 Dodging
 - Level 8.0 Stealth
 - Level 10.0 Unarmed Combat
 - Level 3.0 Spellcasting
 - Level 3.0 Conjurations
 - Level 7.0 Hexes
 - Level 2.0 Ice Magic
 - Level 2.0 Air Magic
 - Level 2.0 Poison Magic
 - Level 2.0 Evocations
 + Level 8.4 Shapeshifting


You couldn't memorise any spells.
You knew the following spells:

 Your Spells              Type           Power      Damage    Failure   Level
a - Ensorcelled Hibernat  Hex/Ice        44%        N/A       3%          2
b - Confusing Touch       Hex            32%        N/A       2%          3
c - Tukima's Dance        Hex            32%        N/A       2%          3
d - Dazzling Flash        Conj/Hex       48%        N/A       4%          3
e - Mephitic Cloud        Conj/Pois/Air  12%        N/A       16%         3

Your spell library contained the following spells:

 Spells                   Type           Power      Damage    Failure   Level
 Magic Dart               Conj           60%        1d6       3%          1
 Shock                    Conj/Air       52%        1d6       4%          1
 Cause Fear               Hex            16%        N/A       8%          4
 Swiftness                Air            11%        N/A       17%         3
 Call Imp                 Summ           6%         N/A       21%         2
 Lesser Beckoning         Tloc           6%         N/A       21%         2
 Anguish                  Hex/Necr       8%         N/A       30%         4
 Leda's Liquefaction      Hex/Erth       8%         N/A       30%         4
 Call Canine Familiar     Summ           3%         N/A       36%         3
 Gell's Gravitas          Tloc           3%         N/A       36%         3
 Teleport Other           Tloc           3%         N/A       36%         3
 Airstrike                Air            5%         2d(1-17)  50%         4
 Enfeeble                 Hex            16%        N/A       99%         7
 Portal Projectile        Hex/Tloc       Unusable   N/A       N/A         3

Dungeon Overview and Level Annotations

Branches:
Dungeon (11/15)            Temple (1/1) D:6             Orc (0/2) D:10
   Lair: D:8-11

Altars:
Ashenzari
Cheibriados
Dithmenos
Elyvilon
Fedhas
Gozag
Hepliaklqana
Kikubaaqudgha
Makhleb
Nemelex Xobeh
Okawaru
Qazlal
Ru
Sif Muna
Trog
Uskayaw
Vehumet
Wu Jian
Xom
Yredelemnul
Zin
The Shining One

Shops:
D:4 :   D:5 (   D:8 ?   D:9 (

Annotations:
D:10 2 transporters, Gastronok
D:11 AdnanSaban's ghost, journeyman GrFi


Innate Abilities, Weirdness & Mutations

You are a hulking beast.
Your limbs bulge with bestial killing power. (Slay +5)
You have sharp claws.
You have razor-sharp teeth.
You have supernaturally acute eyesight. (SInv)
You cover ground quickly. (Speed+)
You are covered in thick fur. (AC +2)
Your paws help you pounce on unaware monsters.
You are incapable of wielding weapons or throwing items.
You cannot wear armour.
You gain extra lives every three experience levels.


Message History

Press: ? - help, v - describe, . - travel
Here: AdnanSaban's ghost, wielding a weapon of freezing (chance to confuse on hit: 18%)
The floor.
You scratch AdnanSaban's ghost but do no damage.
AdnanSaban's ghost whispers, "Death is liberation."
AdnanSaban's ghost hits you!
* * * LOW HITPOINT WARNING * * *
AdnanSaban's ghost freezes you.
You die...
Your shape twists and changes as you die.
You are now level 9!
You rejoin the land of the living...
An ice beast is nearby!
You lunge at the ice beast.
You claw the ice beast!
The ice beast is heavily wounded.
The ice beast completely misses you.
You claw the ice beast!
The ice beast is almost dead.
The ice beast barely misses you.
You closely miss the ice beast. Your bite misses the ice beast.
The ice beast is almost dead.
The ice beast hits you. The ice beast freezes you!
Huge Dmg: -23%(-10hp) hp: 77%(32hp)
You closely miss the ice beast.
You bite the ice beast, but do no damage.
The ice beast is almost dead.
The ice beast misses you.
You closely miss the ice beast. You claw the ice beast.
You kill the ice beast!
The Council accepts your kill.
The meliai simulacrum closely misses you.
The meliai simulacrum hits you! The meliai simulacrum freezes you!
* * * LOW HITPOINT WARNING * * *
Huge Dmg: -50%(-21hp) hp: 29%(12hp)
The meliai simulacrum attacks as you move away!
The meliai simulacrum barely misses you.
The meliai simulacrum misses you. The meliai simulacrum hits you!
* * * LOW HITPOINT WARNING * * *
The meliai simulacrum freezes you!
You die...

###..................#......##..#
....>###########.#####...........
###......# #....# #..........#
###.####.####.#### ####...#...#
.....###......# ##.###.#.#
####...###..#.# ##..##..#.# #.#.#
#.##.## #...##†##.# ####...#
#.##..########(...W.##.#
....#..###.###..hZ.†........###.#
.##.##.....#####..###'''###..##.#
.##.##.##........##.......##..#.#
.##........####..#.........##....
.......^#.###...##..........#...#
#..###....# #...#...####....##..#
#.###....####..##..##?=###...#...
...#.....###...#..# ...Z.##.$#..#
##...###.....#.#..# ..=...#..#..#


You could see a meliai simulacrum.

Vanquished Creatures
  Fannar (D:11)
  3 two-headed ogres
  An ugly thing (D:8)
  A cyclops (D:11)
  An orange demon (D:8)
  An unseen horror (D:11)
  A hornet (D:9)
  2 shadows
  2 wraiths (D:11)
  A wyvern (D:11)
  5 yaks
  A vampire (D:10)
  A basilisk (D:10)
  3 acid dragons
  6 water moccasins
  3 orc warriors
  3 ice beasts
  4 phantoms
  A centaur (D:10)
  4 ogres
  A kobold brigand (D:9)
  A bullfrog (D:8)
  A gnoll sergeant (D:7)
  6 scorpions
  7 wights
  12 killer bees
  3 howler monkeys (D:10)
  An electric eel (D:8)
  2 gnoll boudas
  3 hounds
  5 jellies
  2 orc priests
  Jessica (D:3)
  Natasha (thrice) (D:2)
  6 iguanas
  A sleepcap (D:5)
  8 orc wizards
  12 gnolls
  5 adders
  A shadow imp (D:5)
  A white imp (D:11)
  3 ufetubi
  4 worms
  4 dart slugs
  29 orcs
  7 endoplasms
  3 giant cockroaches
  5 goblins
  9 hobgoblins
  4 jackals (D:3)
  10 kobolds
  6 quokkas
  7 ball pythons
  3 bats (D:1)
  4 frilled lizards
  10 rats
235 creatures vanquished.

Vanquished Creatures (collateral kills)
  A centaur (D:8)
  3 wights
  2 orcs
6 creatures vanquished.

Vanquished Creatures (others)
  Amaemon (D:8)
  4 dancing weapons
5 creatures vanquished.

Grand Total: 246 creatures vanquished

Notes
Turn   | Place    | Note
-------+----------+-------------------------------------------
     0 | D:1      | Lexodia the Felid Enchanter began the quest for the Orb.
     0 | D:1      | Reached XP level 1. HP: 7/7 MP: 4/4
    37 | D:1      | Huge Dmg: 2 dmg
    44 | D:1      | Huge Dmg: 4 dmg
    46 | D:1      | Reached skill level 2 in Unarmed Combat
    46 | D:1      | Reached XP level 2. HP: 5/11 MP: 6/6
    49 | D:1      | Learned a level 2 spell: Ensorcelled Hibernation
   103 | D:1      | Huge Dmg: 3 dmg
   307 | D:1      | Huge Dmg: 3 dmg
   477 | D:1      | Found a faded altar of an unknown god.
   493 | D:1      | Reached skill level 3 in Unarmed Combat
   607 | D:1      | Reached XP level 3. HP: 14/14 MP: 7/7
   737 | D:1      | Huge Dmg: 4 dmg
   742 | D:1      | Huge Dmg: 2 dmg
  1145 | D:2      | Noticed Natasha
  1151 | D:2      | Huge Dmg: 7 dmg
  1153 | D:2      | Huge Dmg: 7 dmg
  1571 | D:2      | Reached XP level 4. HP: 18/18 MP: 5/8
  1730 | D:2      | Huge Dmg: 11 dmg
  1806 | D:2      | Found a stormy altar of Qazlal.
  1953 | D:2      | Killed Natasha
  1954 | D:2      | Reached skill level 1 in Ice Magic
  1954 | D:2      | Reached skill level 1 in Shapeshifting
  2016 | D:2      | Huge Dmg: 7 dmg
  2090 | D:2      | Noticed Natasha
  2096 | D:2      | Killed Natasha
  2110 | D:2      | Noticed Natasha
  2112 | D:2      | Huge Dmg: 4 dmg
  2113 | D:2      | Huge Dmg: 7 dmg
  2128 | D:2      | Killed Natasha
  2129 | D:2      | Reached XP level 5. HP: 12/21 MP: 2/9
  2307 | D:3      | Reached skill level 4 in Unarmed Combat
  2357 | D:3      | You fall into a shaft and drop 3 floors!
  2385 | D:6      | Learned a level 3 spell: Confusing Touch
  2389 | D:6      | Learned a level 3 spell: Tukima's Dance
  2412 | D:6      | Noticed a phantom
  2418 | D:6      | Huge Dmg: 6 dmg
  2420 | D:6      | Huge Dmg: 3 dmg
  2426 | D:6      | Killed a phantom
  2470 | D:6      | Noticed an ogre
  2473 | D:6      | Killed an ogre
  2474 | D:6      | Gained mutation: You are covered in thick fur. (AC +2)
                  | [Felid growth]
  2474 | D:6      | Reached XP level 6. HP: 25/25 MP: 11/11
  2484 | D:6      | Found an opulent altar of Gozag.
  2524 | D:6      | Reached skill level 1 in Fighting
  2529 | D:5      | Entered Level 5 of the Dungeon
  2546 | D:5      | Reached skill level 5 in Hexes
  2558 | D:4      | Noticed an ice beast
  2636 | D:5      | Huge Dmg: 9 dmg
  2650 | D:5      | Reached XP level 7. HP: 29/30 MP: 5/12
  2668 | D:5      | Reached skill level 5 in Unarmed Combat
  2900 | D:6      | Found a staircase to the Ecumenical Temple.
  2910 | Temple   | Entered the Ecumenical Temple
  2936 | Temple   | Became a worshipper of the Wu Jian Council
  3271 | D:3      | Found a sparkling altar of Nemelex Xobeh.
  3439 | D:3      | Noticed Jessica
  3445 | D:3      | Killed Jessica
  3608 | D:4      | Found Ylapikar's Book Shop.
  3636 | D:4      | Huge Dmg: 14 dmg
  3654 | D:4      | Huge Dmg: 12 dmg
  3656 | D:4      | Huge Dmg: 9 dmg
  3665 | D:4      | Reached skill level 1 in Evocations
  4110 | D:4      | Reached skill level 6 in Unarmed Combat
  4110 | D:4      | Reached XP level 8. HP: 34/34 MP: 6/13
  4451 | D:5      | Found Fudett's Antique Weapon Shoppe.
  4571 | D:5      | Huge Dmg: 14 dmg
  4574 | D:5      | Huge Dmg: 6 dmg
  4690 | D:5      | Reached skill level 7 in Unarmed Combat
  4728 | D:5      | Reached skill level 5 in Shapeshifting
  4773 | D:5      | Reached * piety under Wu Jian
  4906 | D:5      | Reached skill level 8 in Unarmed Combat
  5179 | D:5      | Found an iron altar of Okawaru.
  5209 | D:5      | Identified the ring of Nellya {Will+ Str+4 Dex+3 SInv}
  5409 | D:5      | Learned a level 3 spell: Dazzling Flash
  5470 | D:5      | Reached XP level 9. HP: 37/37 MP: 14/14
  5749 | D:6      | Reached skill level 1 in Conjurations
  6369 | D:7      | Noticed a +0 spear
  6369 | D:7      | Noticed a +0 falchion
  6369 | D:7      | Noticed a +0 dagger
  6369 | D:7      | Noticed a +0 short sword
  6370 | D:7      | Noticed a +0 spear
  6372 | D:7      | Noticed a +0 dagger
  6373 | D:7      | Noticed a +0 short sword
  6373 | D:7      | Noticed a +0 falchion
  6378 | D:7      | Found a hide-covered altar of Uskayaw.
  6385 | D:7      | Learned a level 3 spell: Mephitic Cloud
  6498 | D:6      | Huge Dmg: 11 dmg
  6500 | D:6      | Reached skill level 9 in Unarmed Combat
  6500 | D:6      | Huge Dmg: 8 dmg
  6502 | D:6      | Huge Dmg: 8 dmg
  6596 | D:8      | Noticed an orange demon
  6629 | D:7      | Huge Dmg: 10 dmg
  6817 | D:7      | Reached ** piety under Wu Jian
  6997 | D:7      | Huge Dmg: 12 dmg
  7008 | D:7      | Huge Dmg: 4 dmg
  7213 | D:8      | Noticed a cyan ugly thing
  7217 | D:8      | Killed a cyan ugly thing
  7320 | D:8      | Reached skill level 10 in Unarmed Combat
  7354 | D:8      | Noticed Amaemon
  7361 | D:8      | Huge Dmg: 10 dmg
  7365 | D:8      | Huge Dmg: 9 dmg
  7366 | D:8      | Huge Dmg: 8 dmg
  7374 | D:8      | Killed Amaemon
  7375 | D:8      | Reached skill level 5 in Stealth
  7375 | D:8      | Reached XP level 10. HP: 13/42 MP: 8/15
  7381 | D:8      | Huge Dmg: 8 dmg
  7385 | D:8      | Huge Dmg: 5 dmg
  7386 | D:8      | Huge Dmg: 3 dmg
  7389 | D:8      | Huge Dmg: 6 dmg
  7390 | D:8      | Huge Dmg: 8 dmg
  7393 | D:8      | Huge Dmg: 7 dmg
  7398 | D:8      | Reached skill level 1 in Air Magic
  7398 | D:8      | Reached skill level 1 in Poison Magic
  7404 | D:8      | Killed an orange demon
  7617 | D:8      | Found a shimmering altar of Xom.
  7724 | D:8      | Found Fod Xat's Magic Scroll Shop.
  7730 | D:8      | Bought a scroll of fog for 56 gold pieces
  7730 | D:8      | Bought a scroll of revelation for 105 gold pieces
  7730 | D:8      | Bought a scroll of identify for 28 gold pieces
  7730 | D:8      | Bought a scroll of teleportation for 42 gold pieces
  7730 | D:8      | Bought a scroll of teleportation for 42 gold pieces
  7730 | D:8      | Bought a scroll of identify for 28 gold pieces
  7792 | D:8      | Huge Dmg: 8 dmg
  8055 | D:8      | Huge Dmg: 9 dmg
  8056 | D:8      | Huge Dmg: 10 dmg
  8401 | D:9      | Huge Dmg: 10 dmg
  8402 | D:9      | Huge Dmg: 24 dmg
  8406 | D:9      | Killed from afar by an orc priest
  8407 | D:9      | Reached XP level 9. HP: 0/39 MP: 23/23
  8438 | D:9      | Reached skill level 5 in Dodging
  8441 | D:9      | Reached *** piety under Wu Jian
  8529 | D:9      | Found Heluefae's Weapon Shop.
  8607 | D:9      | Found a bloodstained altar of Trog.
  8657 | D:9      | Found a broken altar of Ashenzari.
  9061 | D:10     | Entered Level 10 of the Dungeon
  9182 | D:10     | Noticed a two-headed ogre
  9185 | D:10     | Killed a two-headed ogre
  9186 | D:10     | Reached skill level 5 in Fighting
  9212 | D:10     | Noticed a kobold demonologist
  9212 | D:10     | Noticed a fire crab
  9215 | D:10     | Found a transporter.
  9228 | D:10     | Found a transporter.
  9234 | D:10     | Noticed an orc high priest
  9236 | D:10     | Noticed a kobold demonologist
  9238 | D:10     | Noticed a kobold demonologist
  9243 | D:10     | Noticed a kobold demonologist
  9353 | D:10     | Reached XP level 10. HP: 44/44 MP: 15/15
  9369 | D:10     | Huge Dmg: 20 dmg
  9520 | D:10     | Noticed a two-headed ogre
  9528 | D:10     | Noticed an elephant
  9547 | D:10     | Killed a two-headed ogre
  9576 | D:10     | Found a staircase to the Orcish Mines.
  9577 | D:10     | Noticed Gastronok
  9582 | D:10     | Huge Dmg: 21 dmg
  9638 | D:10     | Huge Dmg: 17 dmg
  9656 | D:10     | Paralysed by a hornet for 3 turns
  9659 | D:10     | Huge Dmg: 25 dmg
  9660 | D:9      | HP: 2/44 [poisoned by a hornet]
  9661 | D:9      | Huge Dmg: 17 dmg
  9718 | D:10     | Huge Dmg: 16 dmg
  9725 | D:10     | Huge Dmg: 25 dmg
  9806 | D:11     | Noticed Fannar
  9815 | D:11     | Huge Dmg: 14 dmg
  9816 | D:11     | Huge Dmg: 14 dmg
  9817 | D:11     | Killed Fannar
  9861 | D:11     | Found a runed translucent gate.
  9861 | D:11     | Found a runed translucent gate.
  9861 | D:11     | Found a runed translucent gate.
 10155 | D:11     | Noticed AdnanSaban's ghost (journeyman GrFi)
 10158 | D:11     | Identified the +3 leather armour "Ciqena" {rC+}
 10164 | D:11     | Noticed a cyclops
 10165 | D:11     | Huge Dmg: 14 dmg
 10260 | D:11     | Killed a cyclops
 10261 | D:11     | Reached XP level 11. HP: 48/48 MP: 16/16
 10383 | D:11     | Noticed a two-headed ogre
 10389 | D:11     | Killed a two-headed ogre
 10389 | D:11     | Reached **** piety under Wu Jian
 10482 | D:11     | Huge Dmg: 26 dmg
 10482 | D:11     | Slain by a centaur warrior simulacrum
 10483 | D:11     | Reached XP level 10. HP: -1/46 MP: 24/24
 10507 | D:11     | Huge Dmg: 9 dmg
 10511 | D:11     | Huge Dmg: 6 dmg
 10513 | D:11     | Huge Dmg: 13 dmg
 10515 | D:11     | Slain by AdnanSaban's ghost
 10516 | D:11     | Reached XP level 9. HP: -1/42 MP: 22/23
 10527 | D:11     | Huge Dmg: 10 dmg
 10529 | D:11     | Huge Dmg: 21 dmg
 10530 | D:11     | Mangled by a meliai simulacrum

Illustrated notes

Levels and vault maps discovered:
D:1:      matt_arrival_grand_opening, layout_basic,
          chequers_ecumenical_altar_island
D:2:      layout_rooms, basic_altar, eino_tiny_chamber, uniq_natasha
D:3:      layout_loops_ring, mainiacjoe_overflow_catwalk,
          kennysheep_jessica_study
D:4:      layout_cave_pools, serial_shops, nicolae_shop_hallway_stairs,
          minivault_14, grunt_tough_drop
D:5:      minmay_bubble_buster, layout_basic, okawaru_gym_becter, serial_shops,
          shop
D:6:      layout_loops_ring, lemuel_round_altar, minmay_temple_entry_waves
D:7:      layout_loops_corners, nicolae_uskayaw_en_pointe
D:8:      layout_basic, lemuel_coloured_pillars_altar, serial_shops,
          nicolae_shop_rolling_square, uniq_amaemon
D:9:      layout_loops_ring, amcnicky_altar_gilded, ashenzari_altar_1,
          serial_aquarium, aquarium_bridge_island_small
          [aquarium_subvault_small_water, aquarium_subvault_window,
          aquarium_subvault_window, aquarium_subvault_bridge,
          aquarium_subvault_bridge], aquarium_window_fake, aquarium_window_3,
          aquarium_window_fake, aquarium_view_2f, aquarium_view_2e,
          aquarium_balcony_3b, serial_shops, nicolae_shop_hallway_plus
D:10:     gammafunk_wand_slinger, layout_rooms, david_lair_generic,
          uniq_gastronok
D:11:     layout_rooms, gammafunk_ghost_icy, hex_intersection, uniq_fannar
Temple:   regret_index_temple_generic_petals

Skill      XL: |  1  2  3  4  5  6  7  8  9 10 |
---------------+-------------------------------+-----
Unarmed Combat | 2 3 4 6 8 10 | 10.0
Ice Magic      | 1 2 |  2.0
Shapeshifting  | 1 2 3 4 5 6 8 |  8.4
Spellcasting   | 3 |  3.0
Fighting       | 2 3 5 6 |  6.5
Hexes          | 5 6 7 |  7.0
Evocations     | 1 2 |  2.0
Conjurations   | 3 2 |  3.0
Dodging        | 5 7 |  7.9
Stealth        | 6 8 |  8.0
Air Magic      | 2 |  2.0
Poison Magic   | 2 |  2.0

Action                     |  1- 3 |  4- 6 |  7- 9 | 10-12 || total
---------------------------+-------+-------+-------+-------++-------
  Melee: Unarmed           |    83 |    67 |   203 |   143 ||   496
         Bite              |     9 |    11 |    16 |    22 ||    58
         Punch             |       |     2 |     7 |     7 ||    16
   Cast: Ensorcelled Hiber |    22 |    26 |   102 |    18 ||   168
         Confusing Touch   |       |     2 |     8 |     4 ||    14
         Tukima's Dance    |       |       |     9 |     7 ||    16
         Mephitic Cloud    |       |       |     2 |     5 ||     7
 Invoke: Serpent's Lash    |       |       |       |     1 ||     1
Ability: Lunge             |       |       |    41 |    25 ||    66
         Whirlwind         |       |       |     1 |    13 ||    14
         Wall Jump         |       |       |       |     1 ||     1
    Use: Scroll            |       |     2 |     4 |     4 ||    10
         Potion            |       |       |       |     5 ||     5
   Stab: Sleeping          |    25 |    20 |    79 |    23 ||   147
         Confused          |       |     3 |     7 |     6 ||    16
         Distracted        |       |     1 |     1 |     5 ||     7
         Invisible         |       |       |       |     2 ||     2
 Armour: Skin              |     5 |     3 |     8 |       ||    16
  Dodge: Dodged            |    50 |    45 |   145 |    58 ||   298
   Form: Beast             |       |     1 |       |       ||     1

Table legend: (Time is in decaauts)
 A = Elapsed time spent in this place.
 B = Non-inter-level travel time spent in this place.
 C = Inter-level travel time spent in this place.
 D = Time resting spent in this place.
 E = Time spent auto-exploring this place.
 F = Levels seen in this place.
 G = Mean time per level.
                   A        B        C        D        E       F      G
               +--------+--------+--------+--------+--------+-----+--------+
         Total |   9203 |   8611 |    592 |   1289 |   5421 |  12 |  766.9 |
       Dungeon |   9162 |   8609 |    553 |   1289 |   5421 |  11 |  832.9 |
        Temple |     41 |      3 |     38 |      0 |      0 |   1 |   41.0 |
               +--------+--------+--------+--------+--------+-----+--------+

Top non-repeatable levels by time:
     D:1: 1129 daAuts
     D:5: 1126 daAuts
     D:6: 938 daAuts
     D:7: 933 daAuts
     D:8: 844 daAuts
     D:2: 819 daAuts
     D:4: 816 daAuts
     D:9: 804 daAuts
    D:11: 621 daAuts
     D:3: 596 daAuts
    D:10: 531 daAuts
  Temple: 41 daAuts
